 Dungeon Crawl Stone Soup version 0.19.0-2-gae57169 (webtiles) character file.

215393 Leibowitz the Severer (level 17, -8/154 HPs)
             Began as a Demigod Gladiator on Nov 5, 2016.
             Killed from afar by a crystal guardian (10 damage)
             ... with a crystal bolt
             ... on level 1 of the Depths on Nov 6, 2016.
             The game lasted 02:30:26 (47391 turns).

Leibowitz the Severer (Demigod Gladiator)          Turns: 47391, Time: 02:30:26

Health: -8/154     AC: 22    Str: 28    XL:     17   Next: 70%
Magic:  22/22      EV: 19    Int: 12    God:
Gold:   2685       SH:  0    Dex: 23    Spells: 0 memorised, 16 levels left

rFire  + . .     SeeInvis .     b - +2 battleaxe (chop)
rCold  . . .     Gourm    .     l - +5 scale mail of the Armadillo {rF+ MR+ Slay+4}
rNeg   + . .     Faith    .     (shield currently unavailable)
rPois  +         Spirit   .     w - +2 helmet
rElec  .         Reflect  .     Q - +1 cloak
rCorr  .         Harm     .     R - +1 pair of gloves "Gacru" {rN+ Dex+3}
MR     ++...                    H - +2 pair of boots
Stlth  +++.......               j - amulet of rage
                                Z - +4 ring of strength
                                i - ring of poison resistance

@: corroded
A: high mp 1
a: Evoke Berserk Rage
}: 1/15 runes: serpentine


You were on level 1 of the Depths.
You were not hungry.

You visited 7 branches of the dungeon, and saw 33 of its levels.
You also visited: Sewer and Ossuary.

You collected 3991 gold pieces.
You spent 1306 gold pieces at shops.

Inventory:

Hand Weapons
 a - the +6 war axe of Umecaith {chop, rElec Dex+3}
   (You found it on level 10 of the Dungeon)

   It inflicts extra damage upon your enemies.
   It affects your dexterity (+3).
   It insulates you from electricity.
 b - a +2 battleaxe of chopping (weapon)
 q - a +0 demon whip of flaming
Missiles
 v - 6 throwing nets (quivered)
Armour
 l - the +5 scale mail of the Armadillo (worn) {rF+ MR+ Slay+4}
   (You found it on level 4 of the Lair of Beasts)

   It affects your accuracy and damage with ranged weapons and melee attacks
   (+4).
   It protects you from fire.
   It affects your resistance to hostile enchantments.
 u - the +5 scale mail "Inkygg" {rC+ MP+9 Str+2 Int+9}
   (You bought it in a shop on level 2 of the Orcish Mines)

   It affects your strength (+2).
   It affects your intelligence (+9).
   It protects you from cold.
   It affects your magic capacity (+9).
 w - a +2 helmet (worn)
 H - a +2 pair of boots (worn)
 Q - a +1 cloak (worn)
 R - the +1 pair of gloves "Gacru" (worn) {rN+ Dex+3}
   (You bought it in a shop on level 2 of the Orcish Mines)

   It affects your dexterity (+3).
   It protects you from negative energy.
Jewellery
 f - an uncursed ring of see invisible
 i - a ring of poison resistance (left hand)
 j - an amulet of rage (around neck)
 n - an uncursed ring of positive energy
 t - an uncursed ring of protection from cold
 O - an uncursed ring of protection from magic
 Z - a +4 ring of strength (right hand)
Wands
 e - a wand of iceblast (13/15)
 h - a wand of digging (10/24)
 y - a wand of confusion (4/48)
 z - a wand of paralysis (13/24)
 A - a wand of lightning (7/15)
 C - a wand of disintegration (13/24)
 Y - a wand of teleportation (4/9)
Scrolls
 g - a scroll of blinking
 k - 2 scrolls of magic mapping
 m - 4 scrolls of fog
 o - 8 scrolls of remove curse
 D - 3 scrolls of recharging
 E - a scroll of enchant armour
 J - a scroll of acquirement
 M - 9 scrolls of teleportation
 N - 3 scrolls of amnesia
 P - a scroll of immolation
 S - 4 scrolls of identify
 T - a scroll of holy word
 X - 3 scrolls of fear
Potions
 c - a potion of ambrosia
 d - a potion of agility
 r - 7 potions of magic
 x - 2 potions of lignification
 B - 2 potions of might
 F - 2 potions of cure mutation
 G - 6 potions of curing
 L - 5 potions of flight
 V - a potion of resistance
 W - 4 potions of cancellation
Comestibles
 s - 2 chunks of flesh
 I - 3 bread rations
 U - a slice of pizza


   Skills:
 + Level 14.5 Fighting
 + Level 20.3(20.5) Axes
 + Level 4.6(14.4) Maces & Flails
 + Level 2.0 Throwing
 + Level 12.0 Armour
 + Level 9.9 Dodging
 + Level 6.6 Stealth
 + Level 2.0 Evocations


You had 16 spell levels left.
You didn't know any spells.

Dungeon Overview and Level Annotations

Branches:
Dungeon (15/15)            Temple (0/1) D:6            Lair (6/6) D:10
 Shoals (4/4) Lair:3        Snake (4/4) Lair:3        Slime (0/5) Lair:5
    Orc (2/2) D:10            Elf (0/3) Orc:2        Vaults (0/5) D:13
 Depths (1/5) D:15           Hell (1/1)
    Dis: Hell:1         Geh: Hell:1         Coc: Hell:1         Tar: Hell:1

Shops:
D:8 *   D:13 *   D:15 (   Orc:2 [(?}   Shoals:1 ?

Portals:
Hell: Lair:6 Depths:1
Pandemonium: Depths:1

Annotations:
D:6 DrakieV's ghost, novice MiBe
Shoals:4 Ilsuiw
Hell Geryon


Innate Abilities, Weirdness & Mutations

You have an increased reservoir of magic. (+10% MP)


Message History

The crystal bolt misses you.
The crystal guardian fires a crystalline bolt at you.
The crystal bolt burns you! You resist.
* * * LOW HITPOINT WARNING * * *
The crystal bolt misses you.
The crystal bolt burns the crystal guardian.
The crystal guardian completely resists.
You feel much better.
The lich touches you but does no damage.
The crystal guardian fires a crystalline bolt at you.
The crystal bolt misses you. The crystal guardian barely misses you.
You fail to use your ability.
The lich touches you but does no damage.
The crystal guardian hits you!!
* * * LOW HITPOINT WARNING * * *
The crystal guardian fires a crystalline bolt at you.
The crystal bolt burns you! You resist.
* * * LOW HITPOINT WARNING * * *
The crystal bolt burns you! You resist.
You die...

#.####.##....)#§####≈##.>...#≈###
#.#....##.....#≈≈≈≈≈≈##(....#≈≈≈≈
#.##'#.##'#######################
......>##.############
.......##.§§§.##)$$..+
.......######§##)....#
.......##§§§§§##/....#
.......##.######8L...#
#########§§§§§.'@8...#
############## #### ...# ...#
...# ...# ...#


You could see a lich and 2 crystal guardians.

Vanquished Creatures
  Rupert (D:13)
  A kraken (Shoals:1)
  A fire giant (D:15)
  A deep elf sorcerer (Depths:1)
  14 nagarajas
  An orc warlord (Orc:2)
  3 stone giants
  Nessos (D:13)
  A dire elephant (Lair:6)
  An ettin (D:15)
  2 ogre magi (Depths:1)
  5 merfolk impalers (Shoals:2)
  Harold (D:12)
  An ice dragon (Depths:1)
  21 naga warriors
  A spriggan air mage (Depths:1)
  An alligator snapping turtle (Shoals:2)
  2 satyrs (Shoals:2)
  A merfolk aquamancer (Shoals:3)
  9 hydras
  4 centaur warriors
  4 dancing weapons
  9 anacondas
  The ghost of Leibowitz the Spear-Bearer, a novice DgFi (D:10)
  3 tengu warriors
  An orc high priest (Orc:2)
  8 naga sharpshooters
  9 shock serpents
  A sun demon (Lair:6)
  A salamander mystic (Snake:4)
  5 skeletal warriors (D:14)
  A sixfirhy (Lair:6)
  11 sea snakes
  2 fire crabs (Shoals:3)
  A glowing orange brain (Depths:1)
  2 unseen horrors
  7 hill giants
  3 wizards
  5 naga ritualists
  Pikel (D:5)
  2 lindwurms (Lair:6)
  3 harpies (Shoals:1)
  An orc knight (Orc:2)
  18 ugly things
  6 mana vipers
  2 deep elf magi (D:15)
  6 fauns
  5 orc sorcerers
  6 cyclopes
  4 manticores
  8 guardian serpents
  4 elephants (Lair:4)
  8 salamanders
  A water nymph (Shoals:2)
  37 naga magi
  39 black mambas
  7 gargoyles
  5 orange demons (Lair:6)
  7 spiny frogs
  A kobold demonologist (D:14)
  5 rime drakes (Lair:6)
  3 komodo dragons
  A hellwing (Lair:6)
  A freezing wraith (D:15)
  A tengu conjurer (Depths:1)
  2 ice devils (Lair:6)
  4 yaktaurs (Depths:1)
  2 efreet
  A red devil (Lair:6)
  6 meliai (D:15)
  5 trolls
  22 merfolk
  5 two-headed ogres
  23 blink frogs
  3 polar bears
  4 wind drakes
  9 slime creatures
  13 hippogriffs
  4 dream sheep (Shoals:2)
  6 snapping turtles
  A shadow (D:14)
  7 water elementals
  3 wyverns
  A vampire (D:14)
  3 air elementals (Depths:1)
  A spriggan (D:7)
  28 yaks
  6 vampire mosquitoes (D:15)
  A fire bat (Shoals:3)
  2 wraiths
  3 basilisks
  3 hungry ghosts
  A mottled dragon (D:15)
  6 wargs
  70 nagas
  13 water moccasins
  7 porcupines
  A hell hound (Lair:6)
  34 orc warriors
  3 ice beasts
  A black bear (D:7)
  2 phantoms
  2 slaves (D:5)
  3 sky beasts
  An eye of draining (D:11)
  An eye of draining (shapeshifter) (D:14)
  8 boggarts
  15 ogres
  5 centaurs
  7 crocodiles
  2 big kobolds
  13 bullfrogs
  2 earth elementals (Depths:1)
  2 wyvern zombies (D:13)
  A wyvern skeleton (D:14)
  2 scorpions
  10 killer bees
  2 electric eels (Lair:1)
  6 howler monkeys
  7 crimson imps
  2 centaur zombies
  A bullfrog zombie (D:13)
  7 hounds
  6 jellies
  29 orc priests
  5 centaur skeletons
  31 orc wizards
  5 bullfrog skeletons
  9 iguanas
  12 hell rats
  6 sirens
  14 worker ants
  2 merfolk avatars
  A big kobold zombie (Ossuary)
  2 hound skeletons
  10 mummies
  A howler monkey skeleton (D:10)
  19 adders
  2 river rats
  4 shadow imps
  A white imp (D:7)
  An ooze (D:2)
  An adder zombie (D:7)
  3 worms
  3 dart slugs
  6 leopard geckos
  118 orcs
  14 bats
  8 giant cockroaches
  3 gnoll zombies (Ossuary)
  6 goblins
  7 hobgoblins
  4 jackals
  5 ball pythons
  14 frilled lizards
  A goblin skeleton (D:6)
  3 hobgoblin zombies
  A jackal skeleton (D:4)
  18 kobolds
  A kobold skeleton (D:6)
  4 kobold zombies
  A leopard gecko skeleton (D:4)
  2 orc skeletons (D:6)
  3 orc zombies
  35 rats
  3 plants
  4 tentacles (Shoals:1)
1162 creatures vanquished.

Vanquished Creatures (collateral kills)
  A naga (Snake:1)
1 creature vanquished.

Vanquished Creatures (others)
  A naga mage (Snake:4)
  A slave (D:5)
  An orc priest (D:5)
  A worker ant (D:14)
  An adder (D:5)
  A worm (D:5)
  3 orcs (D:5)
  3 fungi
  3 plants
  3 tentacles (Shoals:1)
18 creatures vanquished.

Grand Total: 1181 creatures vanquished

Notes
Turn   | Place    | Note
-------+----------+-------------------------------------------
     0 | D:1      | Leibowitz the Demigod Gladiator began the quest for the Orb.
     0 | D:1      | Reached XP level 1. HP: 17/17 MP: 3/3
   222 | D:1      | Reached skill level 3 in Axes
   222 | D:1      | Reached XP level 2. HP: 16/24 MP: 4/4
   737 | D:2      | Reached XP level 3. HP: 18/29 MP: 5/5
  1538 | D:2      | Reached skill level 1 in Stealth
  1970 | D:3      | Reached XP level 4. HP: 18/36 MP: 6/6
  2228 | D:3      | Reached skill level 1 in Armour
  2343 | D:3      | Reached skill level 4 in Axes
  2526 | D:3      | Found an iron altar of Okawaru.
  2983 | D:3      | Reached XP level 5. HP: 33/41 MP: 7/7
  3381 | D:4      | Found a sand-covered staircase.
  3604 | D:4      | Reached skill level 5 in Axes
  3698 | Ossuary  | Entered an ossuary
  4186 | Ossuary  | Reached XP level 6. HP: 26/50 MP: 8/8
  5761 | D:4      | Reached skill level 6 in Axes
  5770 | D:4      | Noticed a moth of wrath
  5774 | D:4      | Found a bloodstained altar of Trog.
  5903 | D:5      | Entered Level 5 of the Dungeon
  5913 | D:5      | Noticed Pikel
  5982 | D:5      | Killed Pikel
  5982 | D:5      | Reached skill level 7 in Axes
  5982 | D:5      | Reached XP level 7. HP: 18/58 MP: 9/9
  6320 | D:5      | Found a glowing golden altar of the Shining One.
  6334 | D:5      | Reached XP level 8. HP: 65/66 MP: 10/10
  7022 | D:6      | Found a staircase to the Ecumenical Temple.
  7220 | D:6      | Found a glowing golden altar of the Shining One.
  7371 | D:6      | Got a faintly humming scale mail
  7390 | D:6      | Found a glowing drain.
  7399 | Sewer    | Entered a sewer
  7410 | Sewer    | Identified the +1 scale mail "Forget-Me-Not" {rElec} (You found it on level 6 of the Dungeon)
  7505 | Sewer    | Reached skill level 8 in Axes
  7971 | D:6      | Noticed DrakieV's ghost (novice MiBe)
  8361 | D:7      | Reached skill level 9 in Axes
  8524 | D:7      | Reached XP level 9. HP: 72/72 MP: 11/11
  8570 | D:7      | Reached skill level 5 in Fighting
  8830 | D:7      | Reached skill level 10 in Axes
  9112 | D:7      | Found a snail-covered altar of Cheibriados.
  9288 | D:8      | Found Hyhecr Puesch's Assorted Antiques.
  9291 | D:8      | Bought a scroll labeled GEOTIE PORYALY for 26 gold pieces
  9291 | D:8      | Bought a scroll labeled WOLANT AWUS for 26 gold pieces
  9348 | D:8      | Found a sparkling altar of Nemelex Xobeh.
  9348 | D:8      | Found a blossoming altar of Fedhas.
  9356 | D:8      | Found a burning altar of Makhleb.
  9368 | D:8      | Found a white marble altar of Elyvilon.
  9611 | D:8      | Found a stormy altar of Qazlal.
  9958 | D:8      | Bought a blackened wooden wand for 104 gold pieces
 10358 | D:9      | Reached XP level 10. HP: 72/81 MP: 9/13
 10574 | D:9      | Reached skill level 11 in Axes
 10674 | D:10     | Entered Level 10 of the Dungeon
 10714 | D:10     | Found a staircase to the Lair.
 10736 | D:9      | Reached skill level 5 in Armour
 11431 | D:10     | Reached skill level 5 in Dodging
 11432 | D:10     | Noticed a hill giant
 11815 | D:10     | Killed a hill giant
 11845 | D:10     | Found a bloodstained altar of Trog.
 11865 | D:10     | Got a shimmering war axe
 11866 | D:10     | Identified the +6 war axe of Umecaith {chop, rElec Dex+3} (You found it on level 10 of the Dungeon)
 11867 | D:10     | Noticed Leibowitz's ghost (novice DgFi)
 11885 | D:10     | Killed Leibowitz's ghost
 11899 | D:10     | Reached skill level 12 in Axes
 11949 | D:10     | Found a staircase to the Orcish Mines.
 12497 | D:11     | Killed an unseen horror
 12843 | D:11     | Noticed a centaur warrior
 12851 | D:11     | Killed a centaur warrior
 12851 | D:11     | Reached XP level 11. HP: 76/91 MP: 11/14
 12992 | D:11     | Noticed a centaur warrior
 13003 | D:11     | Killed a centaur warrior
 13460 | D:12     | Noticed Harold
 13486 | D:12     | Killed Harold
 13539 | D:12     | Identified the Guide on Blistering Attacks
 13810 | D:12     | Noticed a hill giant
 13822 | D:12     | Killed a hill giant
 13822 | D:12     | Reached skill level 13 in Axes
 14136 | Lair:1   | Entered Level 1 of the Lair of Beasts
 14322 | Lair:1   | Noticed a four-headed hydra
 14366 | Lair:1   | Killed a four-headed hydra
 14599 | Lair:1   | Found a shimmering altar of Xom.
 15326 | Lair:2   | Reached skill level 1 in Maces & Flails
 15352 | Lair:2   | Noticed a six-headed hydra
 15454 | Lair:2   | Killed a six-headed hydra
 15867 | Lair:3   | Found a staircase to the Snake Pit.
 15879 | Lair:3   | Reached XP level 12. HP: 99/101 MP: 15/15
 16006 | Lair:3   | Noticed a six-headed hydra
 16059 | Lair:3   | Killed a six-headed hydra
 16283 | Lair:3   | Found a staircase to the Shoals.
 16348 | Lair:3   | Reached skill level 1 in Evocations
 16996 | Lair:4   | Reached skill level 14 in Axes
 17061 | Lair:4   | Got an encrusted scale mail
 17072 | Lair:4   | Identified the +5 scale mail of the Armadillo {rF+ MR+ Slay+4} (You found it on level 4 of the Lair of Beasts)
 17632 | Lair:5   | Found a staircase to the Slime Pits.
 18058 | Lair:5   | Noticed a seven-headed hydra
 18734 | Lair:5   | Killed an eight-headed hydra
 18803 | Lair:6   | Entered Level 6 of the Lair of Beasts
 18803 | Lair:6   | Noticed a six-headed hydra
 18817 | Lair:5   | Killed a six-headed hydra
 19336 | Lair:6   | Reached XP level 13. HP: 92/111 MP: 13/17
 19407 | Lair:6   | Noticed a dire elephant
 19428 | Lair:6   | Killed a dire elephant
 20222 | Lair:6   | Reached skill level 15 in Axes
 20872 | Lair:6   | Found a burning altar of Makhleb.
 20882 | Lair:6   | Found a gateway to Hell.
 21220 | Hell     | Entered the Vestibule of Hell
 21220 | Hell     | Noticed Geryon
 21380 | Orc:1    | Entered Level 1 of the Orcish Mines
 21649 | Orc:2    | Entered Level 2 of the Orcish Mines
 21701 | Orc:2    | Found a staircase to the Elven Halls.
 21771 | Orc:2    | Found a roughly hewn altar of Beogh.
 22035 | Orc:2    | Found a roughly hewn altar of Beogh.
 22154 | Orc:2    | Found a roughly hewn altar of Beogh.
 22161 | Orc:2    | Reached skill level 10 in Fighting
 22206 | Orc:2    | Found a roughly hewn altar of Beogh.
 22207 | Orc:2    | Found Siheynad's Magic Scroll Boutique.
 22346 | Orc:2    | Found a roughly hewn altar of Beogh.
 22346 | Orc:2    | Found Jobrilakh's Gadget Emporium.
 22542 | Orc:2    | Found a roughly hewn altar of Beogh.
 22630 | Orc:2    | Noticed an orc warlord
 22691 | Orc:1    | Found a radiant altar of Vehumet.
 23126 | Orc:2    | Killed an orc warlord
 23195 | Orc:2    | Noticed a stone giant
 23573 | Orc:2    | Killed a stone giant
 23987 | Orc:2    | Found Ohuon's Antique Weapon Emporium.
 23992 | Orc:2    | Found a roughly hewn altar of Beogh.
 23992 | Orc:2    | Found Nypeon's Antique Armour Shoppe.
 24010 | Orc:2    | Bought a distressingly furry scale mail for 279 gold pieces
 24010 | Orc:2    | Bought a pair of smoking gloves for 294 gold pieces
 24020 | Orc:2    | Identified the +1 pair of gloves "Gacru" {rN+ Dex+3} (You bought it in a shop on level 2 of the Orcish Mines)
 24030 | Orc:2    | Identified the +5 scale mail "Inkygg" {rC+ MP+9 Str+2 Int+9} (You bought it in a shop on level 2 of the Orcish Mines)
 24081 | Orc:2    | Reached XP level 14. HP: 109/121 MP: 18/18
 24369 | D:13     | Noticed Nessos
 24394 | D:13     | Killed Nessos
 24489 | D:13     | Found a gate to the Vaults.
 24641 | D:13     | Found Voroph's General Store.
 24649 | D:13     | Bought a +1 vampiric battleaxe for 450 gold pieces
 24697 | D:13     | Noticed Rupert
 24713 | D:13     | Killed Rupert
 24713 | D:13     | Reached skill level 5 in Stealth
 24871 | D:13     | Reached skill level 16 in Axes
 25231 | D:13     | Found a roughly hewn altar of Beogh.
 25812 | D:14     | Reached skill level 10 in Armour
 26812 | D:14     | Got a smoking ring mail
 26813 | D:14     | Identified the +5 ring mail "Kol Nalu" {-Tele rC+ Int+6 SInv} (You found it on level 14 of the Dungeon)
 27057 | D:15     | Entered Level 15 of the Dungeon
 27769 | D:15     | Found a staircase to the Depths.
 27769 | D:15     | Noticed a fire giant
 28008 | Snake:1  | Entered Level 1 of the Snake Pit
 28669 | Snake:1  | Reached skill level 17 in Axes
 29176 | Snake:1  | Reached XP level 15. HP: 82/130 MP: 13/20
 30929 | Shoals:1 | Entered Level 1 of the Shoals
 31204 | Shoals:1 | Found Sesamoot's Magic Scroll Boutique.
 31364 | Shoals:1 | Bought a scroll of holy word for 127 gold pieces
 31647 | Shoals:1 | Noticed a kraken
 31658 | Shoals:1 | Killed a kraken
 34408 | Shoals:3 | Reached skill level 18 in Axes
 35708 | Shoals:4 | Entered Level 4 of the Shoals
 35708 | Shoals:4 | Noticed Ilsuiw
 36441 | Snake:1  | Noticed a nagaraja
 36513 | Snake:1  | Killed a nagaraja
 36513 | Snake:1  | Reached XP level 16. HP: 118/141 MP: 18/21
 39314 | Snake:4  | Entered Level 4 of the Snake Pit
 39547 | Snake:4  | Reached skill level 19 in Axes
 42825 | Snake:4  | Reached XP level 17. HP: 138/151 MP: 22/22
 44061 | Snake:4  | Got a serpentine rune of Zot
 44599 | D:15     | Reached skill level 20 in Axes
 44781 | D:15     | Found Cimogoo's Weapon Shoppe.
 45514 | Depths:1 | Entered Level 1 of the Depths
 46375 | Depths:1 | Found a one-way gate leading to the halls of Pandemonium.
 47379 | Depths:1 | Noticed a lich
 47391 | Depths:1 | HP: 2/154 [crystal guardian/crystal bolt (14)]
 47391 | Depths:1 | Killed from afar by a crystal guardian

Skill      XL: |  1  2  3  4  5  6  7  8  9 10 11 12 13 14 15 16 17 |
---------------+----------------------------------------------------+-----
Axes           | 3 4 5 7 9 10 12 13 14 15 17 18 19 20 | 20.3
Throwing       | 2 |  2.0
Fighting       | 2 3 4 5 6 7 9 10 11 12 13 14 | 14.5
Stealth        | 1 2 3 4 5 6 |  6.6
Dodging        | 3 4 5 6 7 8 9 |  9.9
Armour         | 1 2 3 4 6 7 9 10 11 12 | 12.0
Maces & Flails | 1 3 4 |  4.6
Evocations     | 1 2 |  2.0

Action                   |  1- 3 |  4- 6 |  7- 9 | 10-12 | 13-15 | 16-18 || total
-------------------------+-------+-------+-------+-------+-------+-------++-------
Melee: War axe           |   120 |   297 |   399 |   745 |   494 |    23 ||  2078
       Broad axe         |       |       |    27 |       |       |       ||    27
       Flail             |       |       |       |    18 |       |       ||    18
       Demon whip        |       |       |       |    14 |    30 |       ||    44
       Battleaxe         |       |       |       |       |   936 |   889 ||  1825
Evoke: Wand              |       |     3 |     1 |    18 |     4 |       ||    26
  Use: Potion            |       |    11 |     3 |     7 |    10 |     6 ||    37
       Scroll            |       |     9 |     6 |     2 |    11 |       ||    28
 Stab: Sleeping          |     5 |     2 |     8 |     3 |     6 |     3 ||    27
       Confused          |       |     1 |       |     2 |       |       ||     3
       Distracted        |       |       |     2 |       |     3 |     2 ||     7
       Paralysed         |       |       |       |       |     4 |       ||     4
       Held in net/web   |       |       |       |       |     1 |       ||     1
  Eat: Chunk             |     3 |    11 |    20 |    30 |    33 |    14 ||   111
       Fruit             |       |     3 |       |       |       |     5 ||     8
       Meat ration       |       |       |       |       |     3 |       ||     3
       Bread ration      |       |       |       |       |     3 |     2 ||     5
       Beef jerky        |       |       |       |       |       |     3 ||     3
       Royal jelly       |       |       |       |       |       |     1 ||     1
Armor: Leather armour    |    32 |    80 |       |       |       |       ||   112
       Robe              |       |       |    21 |       |       |       ||    21
       Scale mail        |       |       |   146 |   324 |   562 |   341 ||  1373
Dodge: Dodged            |   112 |   171 |   241 |   475 |   967 |   653 ||  2619
